 Dungeon Crawl Stone Soup version 0.23.2-40-g277498a001 (webtiles) character file.

Game seed: 12916256857593469962

32336 Safir the Cleaver (level 13, -5/116 HPs)
             Began as a Minotaur Fighter on Sept 26, 2019.
             Was an Elder of the Shining One.
             Slain by a 19-headed hydra (12 damage)
             ... on level 5 of the Lair of Beasts on Sept 27, 2019.
             The game lasted 04:00:53 (16527 turns).

Safir the Cleaver (Minotaur Fighter)               Turns: 16527, Time: 04:00:54

Health: -5/116     AC: 20    Str: 25    XL:     13   Next: 30%
Magic:  12/12      EV: 18    Int:  3    God:    the Shining One [****..]
Gold:   757        SH: 15    Dex: 15    Spells: 12/12 levels left

rFire    + . .     SeeInvis .   O - +1 hand axe (chop)
rCold    . . .     Gourm    +   i - +2 shield
rNeg     + + .     Faith    .   Q - +5 ring mail "Aptetiutt" {rF+ Dex+4}
rPois    .         Spirit   .   L - +2 hat
rElec    +         Reflect  .   j - +0 cloak
rCorr    .         Harm     .   (no gloves)
MR       .....                  (no boots)
Stlth    +.........             F - amulet of the gourmand
HPRegen  0.29/turn              N - +2 ring of evasion
MPRegen  0.13/turn              q - +4 ring of protection

@: glowing
A: retaliatory headbutt, claws 1, horns 2, talons 1, dopey 1, electricity
resistance
a: Divine Shield, Cleansing Flame, Renounce Religion


You were on level 5 of the Lair of Beasts.
You worshipped the Shining One.
The Shining One was greatly pleased with you.
You were very full.

You visited 3 branches of the dungeon, and saw 17 of its levels.
You also visited: Sewer.

You collected 937 gold pieces.
You spent 180 gold pieces at shops.

Inventory:

Hand Weapons
 a - a +1 war axe
 g - a +0 hunting sling
 w - a cursed -2 halberd
 y - a +2 falchion of electrocution
 O - a +1 hand axe of chopping (weapon)
 R - a +0 hand crossbow
 T - a +2 shortbow of velocity
 X - a +0 hand axe
Missiles
 m - 417 stones
 n - 7 tomahawks (quivered)
 r - 95 bolts
 z - 194 arrows
 B - 53 poisoned needles
 M - 157 sling bullets
Armour
 i - a +2 shield (worn)
 j - a +0 cloak (worn)
 K - a +0 plate armour
 L - a +2 hat (worn)
 Q - the +5 ring mail "Aptetiutt" (worn) {rF+ Dex+4}
   (You found it on level 2 of the Lair of Beasts)

   It affects your dexterity (+4).
   It protects you from fire.
Jewellery
 c - an uncursed ring of ice
 d - a +3 ring of dexterity
 l - an uncursed ring of magical power
 q - a +4 ring of protection (right claw)
 t - an uncursed ring of positive energy
 D - an uncursed ring of magical power
 F - an amulet of the gourmand (around neck)
 N - a +2 ring of evasion (left claw)
 S - an uncursed ring of protection from fire
 Z - an uncursed amulet of the acrobat {unknown}
Wands
 b - a wand of acid (10)
 H - a wand of polymorph (17)
 P - a wand of enslavement (16)
Scrolls
 u - a scroll of enchant weapon
 v - 7 scrolls of remove curse
 A - 3 scrolls of magic mapping
 E - 2 scrolls of amnesia
 G - 4 scrolls of fear
 I - 4 scrolls of immolation
 U - 2 scrolls of fog
 W - 3 scrolls of teleportation
Potions
 h - a potion of haste {unknown}
 k - a potion of invisibility
 o - 3 potions of brilliance
 p - a potion of cancellation
 s - 2 potions of flight
 x - 3 potions of might
 C - 5 potions of curing
 J - a potion of agility {unknown}
 V - a potion of heal wounds
Miscellaneous
 e - a phantom mirror
Comestibles
 f - 22 rations


   Skills:
 + Level 11.1 Fighting
 + Level 14.8 Axes
   Level 0.2(9.9) Maces & Flails
 * Level 6.4 Throwing
 + Level 11.3 Armour
 * Level 7.9 Dodging
 + Level 1.3 Stealth
 + Level 12.5 Shields
 + Level 0.1 Unarmed Combat
 + Level 1.0 Evocations


You had 12 spell levels left.
You didn't know any spells.
Your spell library contained the following spells:

 Spells                   Type           Power        Failure   Level  Hunger
 Animate Skeleton         Necr           N/A          75%         1    ##.....
 Corona                   Hex            #......      75%         1    ##.....
 Pain                     Necr           #...         75%         1    ##.....
 Shock                    Conj/Air       #...         75%         1    ##.....
 Ensorcelled Hibernation  Hex/Ice        #.....       87%         2    ###....
 Swiftness                Chrm/Air       #.......     87%         2    ###....
 Confuse                  Hex            #.......     98%         3    ####...
 Dazzling Spray           Conj/Hex       #.....       98%         3    ####...
 Recall                   Summ/Tloc      N/A          98%         3    ####...
 Regeneration             Chrm/Necr      #.........   98%         3    ####...
 Static Discharge         Conj/Air       #.......     98%         3    ####...
 Tukima's Dance           Hex            #.......     98%         3    ####...
 Vampiric Draining        Necr           #.........   98%         3    ####...
 Airstrike                Air            #.........   100%        4    #####..
 Animate Dead             Necr           N/A          100%        4    #####..
 Borgnjor's Vile Clutch   Necr/Erth      #.........   100%        5    ######.
 Lightning Bolt           Conj/Air       #.........   100%        5    ######.
 Death Channel            Necr           #.........   100%        6    #######
 Simulacrum               Ice/Necr       #.........   100%        6    #######


Dungeon Overview and Level Annotations

Branches:
Dungeon (10/15)            Temple (1/1) D:7            Lair (6/6) D:10
 Shoals (0/4) Lair:4       Spider (0/4) Lair:2        Slime (0/5) Lair:5
    Orc: D:9-12

Altars:
Ashenzari
Cheibriados
Dithmenos
Elyvilon
Fedhas
Gozag
Hepliaklqana
Kikubaaqudgha
Makhleb
Nemelex Xobeh
Okawaru
Qazlal
Ru
Sif Muna
Trog
Uskayaw
Vehumet
Wu Jian
Xom
Yredelemnul
Zin
The Shining One
Beogh

Shops:
D:8 ?


Innate Abilities, Weirdness & Mutations

You reflexively headbutt those who attack you in melee.
You have a pair of horns on your head.
You have sharp fingernails.
You have sharp toenails.
You are dopey. (Int -2)
You are resistant to electric shocks. (rElec)


Message History

You slash the spiny frog! The spiny frog misses you. You furiously retaliate!
You headbutt the spiny frog.
The 19-headed hydra bites you but does no damage.
The 19-headed hydra misses you. You block the 19-headed hydra's attack.
The 19-headed hydra barely misses you.
You block the 19-headed hydra's attack. x2
The 19-headed hydra bites you but does no damage.
The 19-headed hydra bites you!
* * * LOW HITPOINT WARNING * * *
The 19-headed hydra bites you!
* * * LOW HITPOINT WARNING * * *
The 19-headed hydra completely misses you.
The 19-headed hydra bites you but does no damage.
The 19-headed hydra bites you!
* * * LOW HITPOINT WARNING * * *
The 19-headed hydra closely misses you. The 19-headed hydra barely misses you.
The 19-headed hydra bites you but does no damage.
The 19-headed hydra barely misses you.
The 19-headed hydra bites you but does no damage.
The 19-headed hydra bites you!
You die...

.................#..............#
...........#...................##
.......................#.P##.#.#
...............#.P#.[.##########
................####...###..#.P##
#..........P...#.###.............
..P.......P.......#......).....##
...P.......#P...................#
..P.............@F......###P...##
.................D.......#####.##
.###............###....### ##..#
.##.#.....#.....#......######...#
####..#....#....P.......#.##....#
....#.#....#...................##
...............................##
...................P.............
###.................PP..........#


You could see a 19-headed hydra and a spiny frog.

Vanquished Creatures
  The ghost of Tommers the Thaumaturge, a journeyman DECj of Sif Muna (Lair:5)
  2 hydras
  A dancing weapon (Lair:5)
  3 death yaks
  A wyvern (Lair:4)
  An oklob plant (Lair:5)
  4 elephants (Lair:2)
  3 black mambas
  16 spiny frogs
  2 torpor snails
  The ghost of terix the Grave Robber, a novice DsNe of Okawaru (D:5)
  The ghost of ChadusMaximus the Grave Robber, a novice DsNe of Yredelemnul (D:4)
  5 komodo dragons
  A troll (D:10)
  A polar bear (Lair:5)
  6 blink frogs
  Prince Ribbit (D:6)
  5 dream sheep (Lair:5)
  3 hippogriffs
  A wraith (D:7)
  33 yaks
  4 basilisks
  A hungry ghost (D:10)
  11 porcupines
  12 water moccasins
  3 orc warriors
  3 ice beasts
  A phantom (D:9)
  2 sky beasts
  An eye of draining (D:8)
  2 necrophages (D:10)
  5 ogres
  4 wolves (Lair:2)
  4 centaurs
  9 crocodiles
  A big kobold (Sewer)
  8 bullfrogs
  6 scorpions
  5 killer bees (D:10)
  2 howler monkeys (D:8)
  3 crimson imps
  2 centaur zombies
  4 hounds
  3 jellies
  13 orc wizards
  4 orc priests
  2 bullfrog skeletons
  Jessica (D:2)
  9 worker ants
  2 iguanas
  Natasha (thrice) (D:3)
  Ijyb (D:5)
  10 hell rats (Lair:5)
  A killer bee zombie (D:7)
  A hound zombie (D:5)
  3 hound skeletons
  3 worker ant zombies
  7 gnolls
  13 adders
  14 river rats
  3 oozes
  2 adder zombies (D:8)
  An adder skeleton (D:6)
  4 worms
  3 dart slugs (D:1)
  4 leopard geckos
  29 orcs
  8 giant cockroaches
  10 goblins
  7 hobgoblins
  18 jackals
  11 kobolds
  5 quokkas
  11 bats
  9 frilled lizards
  A jackal skeleton (D:5)
  19 rats
  A bush (Lair:5)
  2 butterflies
  7 fungi
  A plant (D:4)
431 creatures vanquished.

Vanquished Creatures (collateral kills)
  A death yak (Lair:4)
  A spiny frog (Lair:2)
  A yak (Lair:4)
3 creatures vanquished.

Vanquished Creatures (others)
  3 fungi
  8 plants
11 creatures vanquished.

Grand Total: 445 creatures vanquished

Notes
Turn   | Place    | Note
-------+----------+-------------------------------------------
     0 | D:1      | Safir the Minotaur Fighter began the quest for the Orb.
     0 | D:1      | Reached XP level 1. HP: 19/19 MP: 0/0
    83 | D:1      | Reached XP level 2. HP: 27/27 MP: 1/1
   261 | D:1      | Reached XP level 3. HP: 32/33 MP: 2/2
   557 | D:1      | Reached skill level 3 in Axes
   809 | D:2      | Reached XP level 4. HP: 40/40 MP: 3/3
   992 | D:2      | Noticed Jessica
   997 | D:2      | Killed Jessica
   997 | D:2      | Reached skill level 4 in Axes
   997 | D:2      | Reached skill level 1 in Dodging
  1478 | D:3      | Found a roughly hewn altar of Beogh.
  1480 | D:3      | Reached XP level 5. HP: 47/47 MP: 4/4
  1652 | D:3      | Noticed Natasha
  1660 | D:3      | Killed Natasha
  1718 | D:3      | Noticed Natasha
  1732 | D:3      | Killed Natasha
  1732 | D:3      | Reached skill level 5 in Axes
  1739 | D:3      | Noticed Natasha
  1746 | D:3      | Killed Natasha
  1746 | D:3      | Reached XP level 6. HP: 38/53 MP: 5/5
  2226 | D:3      | Reached skill level 6 in Axes
  2351 | D:3      | Gained mutation: Your mind is acute. (Int +2) [potion of
                  | mutation]
  2351 | D:3      | Gained mutation: You are frail. (-10% HP) [potion of
                  | mutation]
  2351 | D:3      | Gained mutation: You tend to lose your temper in combat.
                  | [potion of mutation]
  2351 | D:3      | Gained mutation: You are resistant to electric shocks.
                  | (rElec) [potion of mutation]
  2354 | D:3      | Lost mutation: Your mind is acute. (Int +2) [potion of
                  | mutation]
  2354 | D:3      | Lost mutation: You are frail. (-10% HP) [potion of
                  | mutation]
  2354 | D:3      | Lost mutation: You tend to lose your temper in combat.
                  | [potion of mutation]
  2354 | D:3      | Gained mutation: Your body sometimes deteriorates upon
                  | taking damage. [potion of mutation]
  2354 | D:3      | Gained mutation: You expend magic power (3 MP) to
                  | strengthen your wands. [potion of mutation]
  2487 | D:4      | Reached skill level 5 in Shields
  2526 | D:4      | Found a glowing drain.
  2541 | Sewer    | Entered a sewer
  2545 | Sewer    | Reached XP level 7. HP: 60/60 MP: 6/6
  2688 | Sewer    | Found a glowing silver altar of Zin.
  2796 | D:4      | Reached skill level 7 in Axes
  2796 | D:4      | Reached skill level 5 in Armour
  2828 | D:4      | Reached skill level 5 in Fighting
  3046 | D:4      | Found a runed translucent gate.
  3046 | D:4      | Found a runed translucent gate.
  3046 | D:4      | Found a runed translucent gate.
  3046 | D:4      | Noticed ChadusMaximus's ghost (novice DsNe)
  3058 | D:4      | Killed ChadusMaximus's ghost
  3058 | D:4      | Reached skill level 8 in Axes
  3058 | D:4      | Reached XP level 8. HP: 66/68 MP: 7/7
  3661 | D:5      | Entered Level 5 of the Dungeon
  3667 | D:5      | Noticed Ijyb
  3679 | D:5      | Killed Ijyb
  3792 | D:5      | Found a runed translucent door.
  3798 | D:5      | Noticed terix's ghost (novice DsNe)
  3822 | D:5      | Killed terix's ghost
  3822 | D:5      | Reached skill level 9 in Axes
  4081 | D:5      | Found a glowing golden altar of the Shining One.
  4084 | D:5      | Became a worshipper of the Shining One
  4147 | D:5      | You fall through a shaft for 2 floors!
  4187 | D:7      | Reached XP level 9. HP: 63/75 MP: 8/8
  4192 | D:7      | Reached skill level 10 in Axes
  4716 | D:6      | Reached * piety under the Shining One
  4761 | D:6      | Reached skill level 1 in Stealth
  5161 | D:6      | Noticed Prince Ribbit
  5179 | D:6      | Killed Prince Ribbit
  5493 | D:7      | You fall through a shaft!
  5501 | D:8      | Reached skill level 11 in Axes
  5867 | D:7      | Found a staircase to the Ecumenical Temple.
  5877 | Temple   | Entered the Ecumenical Temple
  6302 | D:8      | Reached XP level 10. HP: 86/86 MP: 9/9
  6495 | D:8      | Found Etosch's Magic Scroll Shop.
  6560 | D:8      | Bought a scroll of identify for 30 gold pieces
  6560 | D:8      | Bought a scroll of identify for 30 gold pieces
  6560 | D:8      | Bought a scroll of identify for 30 gold pieces
  6560 | D:8      | Bought a scroll of identify for 30 gold pieces
  6560 | D:8      | Bought a scroll of identify for 30 gold pieces
  6560 | D:8      | Bought a scroll of identify for 30 gold pieces
  7015 | D:9      | Lost mutation: Your body sometimes deteriorates upon taking
                  | damage. [potion of mutation]
  7015 | D:9      | Lost mutation: You expend magic power (3 MP) to strengthen
                  | your wands. [potion of mutation]
  7015 | D:9      | Gained mutation: You have sharp fingernails. [potion of
                  | mutation]
  7015 | D:9      | Gained mutation: You are dopey. (Int -2) [potion of
                  | mutation]
  7015 | D:9      | Gained mutation: You have sharp toenails. [potion of
                  | mutation]
  7250 | D:9      | Reached ** piety under the Shining One
  7261 | D:9      | Reached skill level 12 in Axes
  7439 | D:10     | Entered Level 10 of the Dungeon
  7480 | D:10     | Found a staircase to the Lair.
  8204 | D:10     | Reached skill level 10 in Shields
  8406 | D:10     | Reached skill level 13 in Axes
  8769 | Lair:1   | Entered Level 1 of the Lair of Beasts
  8853 | Lair:1   | Noticed a spiny frog
  8867 | Lair:1   | Killed a spiny frog
  9050 | Lair:1   | Got a twisted spear
  9073 | Lair:1   | Reached XP level 11. HP: 95/95 MP: 10/10
  9383 | Lair:1   | Identified the +4 spear of Puchal {drain, rPois rF+ Str+3
                  | Int-2} (You found it on level 1 of the Lair of Beasts)
 10023 | Lair:2   | Found a hole to the Spider Nest.
 10088 | Lair:2   | Reached *** piety under the Shining One
 10115 | Lair:2   | Reached skill level 14 in Axes
 10133 | Lair:2   | Reached skill level 1 in Throwing
 10665 | Lair:2   | Reached skill level 10 in Fighting
 10665 | Lair:2   | Reached XP level 12. HP: 82/106 MP: 11/11
 10768 | Lair:2   | Got an opal-studded ring mail
 10774 | Lair:2   | Noticed a seven-headed hydra
 10789 | Lair:2   | Killed a 15-headed hydra
 10824 | Lair:2   | Reached skill level 5 in Dodging
 11710 | Lair:3   | Reached skill level 10 in Armour
 12322 | Lair:4   | Noticed a death yak
 12322 | Lair:4   | Noticed a death yak
 12327 | Lair:4   | Noticed a death yak
 12334 | Lair:4   | Noticed a death yak
 12338 | Lair:3   | Killed a death yak
 12349 | Lair:3   | Killed a death yak
 12361 | Lair:4   | Killed a death yak
 12372 | Lair:4   | Killed a death yak
 12372 | Lair:4   | Reached skill level 1 in Evocations
 12404 | Lair:4   | Reached skill level 5 in Throwing
 12526 | Lair:4   | Identified the +5 ring mail "Aptetiutt" {rF+ Dex+4} (You
                  | found it on level 2 of the Lair of Beasts)
 12897 | Lair:4   | Found a staircase to the Shoals.
 12965 | Lair:4   | Reached **** piety under the Shining One
 13081 | Lair:4   | You fall through a shaft for 2 floors!
 13081 | Lair:6   | Entered Level 6 of the Lair of Beasts
 13082 | Lair:6   | Noticed a four-headed hydra
 13108 | Lair:6   | Noticed a seven-headed hydra
 13748 | Lair:4   | Noticed a five-headed hydra
 13751 | Lair:4   | Reached XP level 13. HP: 115/115 MP: 12/12
 14548 | Lair:5   | Found a staircase to the Slime Pits.
 14596 | Lair:5   | Found a runed translucent door.
 14597 | Lair:5   | Found a shimmering altar of Xom.
 14597 | Lair:5   | Noticed Tommers's ghost (journeyman DECj)
 14598 | Lair:5   | Identified the +9 halberd "Wuttacw" {chaos, rElec rF+ Str+4
                  | SInv}
 14636 | Lair:5   | HP: 1/116 [Tommers's ghost/bolt of magma (30)]
 14961 | Lair:5   | Killed Tommers's ghost
 16527 | Lair:5   | Slain by a 19-headed hydra

Skill      XL: |  1  2  3  4  5  6  7  8  9 10 11 12 13 |
---------------+----------------------------------------+-----
Fighting       | 4 5 6 7 8 10 11 | 11.1
Armour         | 4 5 6 7 8 9 10 11 | 11.3
Shields        | 4 5 6 7 8 10 11 12 | 12.5
Axes           | 3 4 5 6 8 9 11 13 14 | 14.8
Dodging        | 1 2 3 4 7 |  7.9
Stealth        | 1 |  1.3
Throwing       | 2 5 6 |  6.4
Evocations     | 1 |  1.0
Maces & Flails | |  0.2
Unarmed Combat | |  0.1

Action                   |  1- 3 |  4- 6 |  7- 9 | 10-12 | 13-15 || total
-------------------------+-------+-------+-------+-------+-------++-------
Melee: War axe           |    81 |   161 |   292 |       |       ||   534
       Headbutt          |     9 |    29 |    64 |   160 |    59 ||   321
       Club              |       |    10 |       |       |       ||    10
       Unarmed           |       |     7 |       |       |       ||     7
       Hand axe          |       |       |    52 |   666 |   181 ||   899
       Kick              |       |       |       |   233 |    85 ||   318
Throw: Stone             |     1 |    14 |    14 |     3 |       ||    32
       Tomahawk          |       |       |       |    73 |    11 ||    84
Invok: Divine Shield     |       |       |       |     1 |       ||     1
 Abil: Evoke Berserk Rag |       |     1 |       |       |       ||     1
Evoke: Wand              |       |       |       |     7 |     1 ||     8
  Use: Scroll            |     4 |     5 |     5 |    17 |     3 ||    34
       Potion            |       |     3 |     8 |     1 |     3 ||    15
  Eat: Chunk             |       |     5 |    22 |    30 |     7 ||    64
       Ration            |       |       |     1 |       |       ||     1
Armor: Scale mail        |    11 |    30 |    48 |       |       ||    89
       Leather armour    |     8 |     9 |       |       |       ||    17
       Skin              |       |     1 |       |       |       ||     1
       Plate armour      |       |       |    19 |   228 |    22 ||   269
       Ring mail         |       |       |       |       |    42 ||    42
Dodge: Dodged            |    21 |    43 |    68 |   139 |    81 ||   352
Block: Shield            |    39 |    77 |   152 |   329 |    84 ||   681
